 Dungeon Sprint DCSS version 0.31-a0-1074-g0b22e4e0f1 (webtiles) character file.

Game seed: 8506335497343709601

106 tbh1313 the Cudgeller (level 4, -2/48 HPs)
             Began as an Ogre Berserker on Nov 28, 2023.
             Was a Follower of Trog.
             Killed from afar by Sigmund (6 damage)
             ... with a magic dart
             ... in the Dungeon (Sprint I: "Red Sonja").
             The game lasted 00:00:35 (132 turns).

tbh1313 the Cudgeller (Ogre Berserker)               Turns: 132, Time: 00:00:35

Health: -2/48      AC:  3    Str: 23    XL:     4   Next: 84%
Magic:  4/4        EV: 11    Int:  8    God:    Trog [*.....]
Gold:   54         SH:  0    Dex:  8    Spells: 3/3 levels left

rFire   . . .        a - +0 mace
rCold   . . .        (no shield)
rNeg    . . .        b - +0 animal skin
rPois   .            (helmet restricted)
rElec   .            (no cloak)
rCorr   .            (gloves unavailable)
SInv    .            (boots unavailable)
Will    .....        (no amulet)
Stlth   +            (no ring)
HPRegen 0.28/turn    (no ring)
MPRegen 0.09/turn

%: no teleportation
@: on berserk cooldown, slowed, very slow
A: large, unfitting armour, tough skin 1
a: Renounce Religion, Berserk


You were in the Dungeon.
You worshipped Trog.
Trog was aware of your devotion.
You visited 1 branch You collected 54 gold pieces.

Inventory:

Hand Weapons
 a - a +0 mace (weapon)
Armour
 b - a +0 animal skin (worn)
Wands
 i - a wand of iceblast (9)
Scrolls
 h - a scroll of blinking
Potions
 c - a potion of curing
 d - a potion of heal wounds
 e - a potion of haste
 f - 2 potions of magic
 g - a potion of berserk rage


   Skills:
 - Level 4.0 Fighting
 + Level 6.5 Maces & Flails
 + Level 6.4 Dodging


You had 3 spell levels left.
You didn't know any spells.
Your spell library was empty.

Dungeon Overview and Level Annotations

Branches:
Dungeon (1/1)

Altars:

Annotations:
D Sigmund


Innate Abilities, Weirdness & Mutations

You are too large for most types of armour.
You have tough skin. (AC +1)


Message History

You feel a strong urge to attack something.
There is an open door here.
You hit Sigmund.
Sigmund is moderately wounded.
Sigmund casts a spell at you.
You are confused.
You bump into the rock wall.
You feel a strong urge to attack something.
Sigmund casts a spell at you. You resist with some effort.
Sigmund barely misses you.
There is an open door here.
You're too confused to move!
You feel your anger nearly subside.
You are no longer berserk.
You are exhausted.
You feel yourself slow down.
You bump into the rock wall.
Sigmund casts a spell.
Sigmund flickers and vanishes!
Deactivating autopickup; reactivate with Ctrl-A.
Something hits you!
You bump into the stone wall.
You feel less confused. Something hits you.
Something hits you but does no damage.
There is an open door here.
You miss something. Something hits you but does no damage.
You hit something but do no damage. Something hits you! Something hits you.
You sock something! Something hits you.
* * * LOW HITPOINT WARNING * * *
You miss something.
You hear some strange, mumbled words.
A magic dart appears from out of thin air!
The magic dart hits you!
* * * LOW HITPOINT WARNING * * *
You hit something.
You hear some strange, mumbled words.
A magic dart appears from out of thin air!
The magic dart hits you.
You die...

#############
#<.#..)..#..+
#..)..#..@{.#
#..#####'####
#..# #..#
#..# ####
#..# #⌠⌠#
####


There were no monsters in sight!

Levels and vault maps discovered:
D:        dungeon_sprint_1 [red_sonja_temple_1, red_sonja_temple_small_1]

Notes
Turn   | Place    | Note
-------+----------+-------------------------------------------
     0 | D        | tbh1313 the Ogre Berserker began the quest for the Orb.
     0 | D        | Reached XP level 1. HP: 24/24 MP: 1/1
     1 | D        | Noticed Ijyb
     9 | D        | Killed Ijyb
    10 | D        | Reached XP level 2. HP: 32/32 MP: 2/2
    10 | D        | Reached XP level 3. HP: 39/39 MP: 3/3
    62 | D        | Noticed an ogre
    68 | D        | Killed an ogre
    69 | D        | Reached XP level 4. HP: 48/48 MP: 4/4
   116 | D        | Noticed Sigmund
   131 | D        | HP: 3/48 [something/magic dart (9)]
   132 | D        | Killed from afar by Sigmund

Table legend: (Time is in decaauts)
 A = Elapsed time spent in this place.
 B = Non-inter-level travel time spent in this place.
 C = Inter-level travel time spent in this place.
 D = Time resting spent in this place.
 E = Time spent auto-exploring this place.
 F = Levels seen in this place.
 G = Mean time per level.
                   A        B        C        D        E       F      G
               +--------+--------+--------+--------+--------+-----+--------+
         Total |    156 |    156 |      0 |    110 |      0 |   1 |  156.0 |
       Dungeon |    156 |    156 |      0 |    110 |      0 |   1 |  156.0 |
               +--------+--------+--------+--------+--------+-----+--------+

Top non-repeatable levels by time:
       D: 156 daAuts

Table legend:
 A = Kills in this place as a percentage of kills in the entire game.
 B = Kills by you in this place as a percentage of kills by you in the entire game.
 C = Kills by friends in this place as a percentage of kills by friends in the entire game.
 D = Other kills in this place as a percentage of other kills in the entire game.
 E = Experience gained in this place as a percentage of experience gained in the entire game.
 F = Experience gained in this place divided by the number of levels of this place that you have seen.
                   A       B       C       D       E      F
               +-------+-------+-------+-------+-------+----------------------
         Total | 100.0 | 100.0 |   N/A |   N/A | 100.0 | 152.0
       Dungeon | 100.0 | 100.0 |   N/A |   N/A | 100.0 | 152.0
               +-------+-------+-------+-------+-------+----------------------

Action                     |  1- 3 |  4- 6 || total
---------------------------+-------+-------++-------
  Melee: Mace              |    12 |     6 ||    18
 Invoke: Berserk           |     2 |     1 ||     3
 Armour: Animal skin       |     3 |    10 ||    13
  Dodge: Dodged            |     4 |     1 ||     5

Vanquished Creatures
  An ogre (D)
  Ijyb (D)
2 creatures vanquished.
